 Dungeon Crawl Stone Soup version 0.30.0 (webtiles) character file.

Game seed: 2123680460409494262

2783404 Wizard1ke the Royal Jelly (level 26, 237/237 (239) HPs)
             Began as a Merfolk Hexslinger on Nov 14, 2023.
             Was the Champion of Jiyva.
             Escaped with the Orb
             ... and 4 runes!
             The game lasted 02:53:16 (51381 turns).

Wizard1ke the Royal Jelly (Merfolk Hexslinger)     Turns: 51381, Time: 02:53:17

HP:   237/237 (239) AC: 11    Str: 16 (19) XL:     26   Next: 48%
MP:   52/52         EV: 47    Int: 16 (18) God:    Jiyva [******]
Gold: 809           SH:  0    Dex: 36 (37) Spells: 20/27 levels left

rFire   + + .        r - +8 longbow "Zephyr" {speed, Dex+3 SInv}
rCold   + + +        (shield currently unavailable)
rNeg    . . .        G - +1 robe of the Desolation of Salt {rF+ Will+}
rPois   +            s - +1 hat
rElec   +            l - scarf {rC+ rF+}
rCorr   +            K - +2 pair of gloves {Stlth+}
SInv    +            j - +2 pair of boots "Icvurhed" {Dex+2}
Will    +++..        X - amulet of Okhawk {RegenMP rElec rC- Int+5}
Stlth   ++           N - ring "Oqunihux" {rPois Will+ Dex+5}
HPRegen 2.19/turn    T - +6 ring of dexterity
MPRegen 1.23/turn

%: no passive effects
@: studying 2 skills, lightly drained
A: (nimble swimmer 2), mertail, antennae 1, cold resistance 3, high MP 3,
mutation resistance 1, poison resistance, robust 1, strong 2, acidic bite, jelly
sensing items
0: Orb of Zot
}: 4/15 runes: decaying, serpentine, slimy, silver
a: Renounce Religion, Oozemancy, Slimify


You escaped.
You worshipped Jiyva.
Jiyva was exalted by your worship.
You visited 11 branches of the dungeon, and saw 53 of its levels.
You visited 1 bazaar.
You also visited: Ossuary, Gauntlet, Ice Cave and Volcano.

You collected 4179 gold pieces.
You spent 3370 gold pieces at shops.

Inventory:

Hand Weapons
 r - the +8 longbow "Zephyr" (weapon) {speed, Dex+3 SInv}
   (You found it on level 3 of the Elven Halls)

   Dex:       It affects your dexterity (+3).
   SInv:      It lets you see invisible.
 Z - a +0 hand crossbow
Missiles
 F - 16 curare-tipped darts
Armour
 j - the +2 pair of boots "Icvurhed" (worn) {Dex+2}
   (You found it in a Gauntlet)

   Dex:       It affects your dexterity (+2).
 l - a scarf of resistance (worn)
 m - a +2 leather armour of fire resistance
 s - a +1 hat (worn)
 G - the +1 robe of the Desolation of Salt (worn) {rF+ Will+}
   (You found it on level 3 of the Depths)

   rF:        It protects you from fire.
   Will:      It increases your willpower.
 K - a +2 pair of gloves of stealth (worn)
 O - a +2 cloak of poison resistance
 Q - a +2 robe of cold resistance
Jewellery
 a - a ring of protection from cold
 I - the amulet "Dizot" {Regen+ Str+2}
   (You took it off a deep elf death mage on level 3 of the Elven Halls)

   [amulet of regeneration]

   Str:       It affects your strength (+2).
   Regen:     It increases your rate of health regeneration.
 M - the ring of Pussuc {Will+ EV+5}
   (You bought it in a shop on level 2 of the Orcish Mines)

   [ring of evasion]

   EV:        It affects your evasion (+5).
   Will:      It increases your willpower.
 N - the ring "Oqunihux" (left hand) {rPois Will+ Dex+5}
   (You bought it in a shop on level 2 of the Orcish Mines)

   [ring of poison resistance]

   Dex:       It affects your dexterity (+5).
   rPois:     It protects you from poison.
   Will:      It increases your willpower.
 T - a +6 ring of dexterity (right hand)
 X - the amulet of Okhawk (around neck) {RegenMP rElec rC- Int+5}
   (You bought it in a shop on level 4 of the Depths)

   [amulet of magic regeneration]

   It increases your rate of magic regeneration.
   Int:       It affects your intelligence (+5).
   rC:        It makes you vulnerable to cold.
   rElec:     It insulates you from electricity.
Wands
 b - a wand of iceblast (76)
 d - a wand of digging (12)
 i - a wand of flame (77)
 B - a wand of mindburst (32)
 H - a wand of charming (41)
 V - a wand of quicksilver (26)
Scrolls
 c - 9 scrolls of enchant weapon
 e - 2 scrolls of fog
 k - 6 scrolls of poison
 n - 6 scrolls of enchant armour
 p - 4 scrolls of blinking
 t - 4 scrolls of fear
 u - 13 scrolls of teleportation
 v - 3 scrolls of silence {!r}
 w - 2 scrolls of immolation
 x - 2 scrolls of butterflies
 y - 5 scrolls of magic mapping
 W - 2 scrolls of vulnerability
Potions
 f - 9 potions of flight
 g - 5 potions of magic
 h - 6 potions of invisibility
 o - 2 potions of mutation
 z - 8 potions of brilliance
 A - 14 potions of curing
 C - 13 potions of heal wounds
 D - 2 potions of resistance
 E - 7 potions of attraction
 P - 4 potions of lignification
 R - 3 potions of cancellation
 Y - 4 potions of ambrosia
Miscellaneous
 q - a box of beasts
 L - a phantom mirror
 S - a phial of floods
 U - a condenser vane


   Skills:
 - Level 20.0 Fighting
 - Level 20.0 Ranged Weapons
 - Level 7.0 Armour
 - Level 25.0 Dodging
 - Level 1.0 Spellcasting
 - Level 12.0 Hexes
 - Level 10.0 Translocations
 + Level 26.8 Invocations
 - Level 8.1 Evocations


You had 20 spell levels left.
You knew the following spells:

 Your Spells              Type           Power      Damage    Failure   Level
a - Portal Projectile     Hex/Tloc       72%        N/A       1%          3
b - Cause Fear            Hex            19%        N/A       1%          4

Your spell library contained the following spells:

 Spells                   Type           Power      Damage    Failure   Level
 Slow                     Hex            100%       N/A       1%          1
 Tukima's Dance           Hex            39%        N/A       1%          3
 Ensorcelled Hibernation  Hex/Ice        40%        N/A       3%          2
 Manifold Assault         Tloc           32%        N/A       3%          4
 Inner Flame              Hex/Fire       20%        N/A       6%          3
 Summon Guardian Golem    Hex/Summ       20%        N/A       6%          3
 Anguish                  Hex/Necr       10%        N/A       19%         4
 Leda's Liquefaction      Hex/Erth       10%        N/A       19%         4
 Freeze                   Ice            0%         1d3       22%         1
 Shock                    Conj/Air       0%         1d3       22%         1
 Sting                    Tmut/Pois      0%         1d3       22%         1
 Summon Small Mammal      Summ           0%         N/A       22%         1
 Cigotuvi's Dreadful Rot  Necr/Pois/Air  0%         N/A       34%         2
 Passwall                 Tmut/Erth      0%         N/A       34%         2
 Poisonous Vapours        Pois/Air       0%         N/A       34%         2
 Summon Mana Viper        Hex/Summ       20%        N/A       47%         5
 Dispersal                Tloc           16%        N/A       50%         6
 Call Canine Familiar     Summ           0%         N/A       56%         3
 Frozen Ramparts          Ice            0%         1d1       56%         3
 Hailstorm                Conj/Ice       0%         3d3       56%         3
 Mephitic Cloud           Conj/Pois/Air  0%         N/A       56%         3
 Ozocubu's Armour         Ice            0%         N/A       56%         3
 Stone Arrow              Conj/Erth      0%         3d7       56%         3
 Swiftness                Air            0%         N/A       56%         3
 Summon Forest            Summ/Tloc      8%         N/A       63%         5
 Enfeeble                 Hex            19%        N/A       80%         7
 Animate Armour           Summ/Erth      0%         N/A       92%         4
 Dispel Undead            Necr           0%         3d6       92%         4
 Ice Form                 Ice/Tmut       0%         N/A       92%         4
 Olgreb's Toxic Radiance  Pois           0%         N/A       92%         4
 Summon Ice Beast         Ice/Summ       0%         N/A       92%         4
 Blade Hands              Tmut           0%         N/A       99%         5
 Iskenderun's Battlesphe  Conj           0%         2d6       99%         5
 Lee's Rapid Deconstruct  Erth           0%         3d4*      99%         5
 Conjure Ball Lightning   Conj/Air       0%         3x3d6     100%        6
 Death Channel            Necr           0%         N/A       100%        6
 Iron Shot                Conj/Erth      0%         9d1       100%        6
 Simulacrum               Ice/Necr       0%         N/A       100%        6
 Statue Form              Tmut/Erth      0%         N/A       100%        6
 Summon Cactus Giant      Summ           0%         N/A       100%        6
 Monstrous Menagerie      Summ           0%         N/A       100%        7
 Ozocubu's Refrigeration  Ice            0%         4d7       100%        7
 Spellforged Servitor     Conj/Summ      0%         N/A       100%        7
 Discord                  Hex            19%        N/A       100%        8
 Disjunction              Tloc           16%        N/A       100%        8
 Polar Vortex             Ice            0%         N/A       100%        9


Dungeon Overview and Level Annotations

Branches:
Dungeon (15/15)            Temple (1/1) D:4            Lair (5/5) D:11
  Swamp (4/4) Lair:2        Snake (4/4) Lair:2        Slime (5/5) Lair:5
    Orc (2/2) D:10            Elf (3/3) Orc:2        Vaults (5/5) D:13
  Crypt (0/3) Vaults:3     Depths (4/4) D:15            Zot (5/5) Depths:4
Ossuary (visited)           IceCv (visited)         Volcano (visited)
Gauntlet (visited)

Altars:
Ashenzari
Gozag
Kikubaaqudgha
Nemelex Xobeh
Qazlal
Ru
Trog
Yredelemnul
The Shining One
Jiyva

Shops:
D:5 (?*?   D:10 (   Orc:2 =([*   Elf:3 *   Vaults:3 :   Vaults:4 [
Vaults:5 ??   Depths:1 (*[   Depths:3 ==:*   Depths:4 (!=[(

Portals:
Hell: Depths:1 Depths:2 Depths:3 Depths:4
Abyss: Depths:2 Depths:3 Depths:4
Pandemonium: Depths:2 Depths:3 Depths:4
Ziggurat: Depths:1

Annotations:
Lair:4 2 transporters
Snake:2 Asterion
Slime:5 Royal Jelly
Vaults:5 !vaults warning
Zot:5 2 transporters, Hicanoach's ghost, master DsGl


Innate Abilities, Weirdness & Mutations

((You are very nimble when in or above water. (Stealth+, EV+, Speed+++)))
Your lower body shifts to a powerful aquatic tail in water.
You have a pair of small antennae on your head.
Your flesh is almost immune to the effects of cold. (rC+++)
You have a greatly increased reservoir of magic. (+30% MP)
You are somewhat resistant to further mutation.
Your system is resistant to poisons. (rPois)
You are robust. (+10% HP)
Your muscles are very strong. (Str +8, Int/Dex -2)
You have acidic saliva.
You have a small jelly attached to you that senses nearby items.


Message History

The red devil hits you from afar with a +2 demon trident of draining!
Barbed spikes become lodged in your body.
You feel drained.
The barbs in your skin will harm you if you move.
Continue?
The barbed spikes dig painfully into your body as you move.
The barbed spikes dig painfully into your body as you move.
The barbed spikes dig painfully into your body as you move.
The barbed spikes dig painfully into your body as you move.
The barbed spikes dig painfully into your body as you move.
There is a stone staircase leading up here.
The barbed spikes dig painfully into your body as you move.
You climb upwards.
There is a stone staircase leading down here.
You start resting.
You carefully extract the barbed spikes from your body.
(D) Dungeon (T) Temple (L) Lair (S) Swamp (P) Snake Pit (M) Slime Pits (O) Orcish Mines (E) Elven Halls (V) Vaults (C) Crypt (U) Depths (H) Hell (Z) Zot
Where to? (Enter - D:1 @ (x,y), ? - help)
What level of the Dungeon? (default 1, ? - help)
There is an open gate here.
A demonic crawler comes into view.
You see here a +0 short sword.
Aiming: Dig
Press: ? - help, Shift-Dir - straight line This square is covered in magical glow.
The rock shatters into small pieces.
You shoot an arrow. The arrow hits the demonic crawler!!
The demonic crawler is moderately wounded.
You shoot an arrow. The arrow hits the demonic crawler!!
The demonic crawler is severely wounded.
You shoot an arrow. The arrow hits the demonic crawler!!
You kill the demonic crawler!
No target in view!
No target in view!
Your extra speed is starting to run out.
There is a staircase leading out of the dungeon here.
You feel yourself slow down.
You have escaped!

........#
#.....#...~~~~...#
........#
#..@.........†...###
#########
#.....#....~~....#8.
#'#####..........'..
#.#♣♣.'..).......'..
#.#♣.♣#..........'..
#.#♣.♣#....§≈....#8.
#.'.♣♣#.....§....###
#♣#♣♣ #...≈§≈§...#
############
#......# #......####
#.........#
#.........#
#.........###
#.......)...#
#...........#


There were no monsters in sight!

Vanquished Creatures
  2 ancient liches (Vaults:5)
  3 dread liches (Vaults:5)
  An orb of fire (Zot:5)
  Mara (Vaults:3)
  Bai Suzhen (Snake:2)
  Vv (Depths:4)
  6 Killer Klowns
  Margery (Depths:3)
  A caustic shrike (Depths:3)
  Vashnia (Snake:2)
  A curse toe (Zot:2)
  11 golden dragons
  A profane servitor (D:15)
  Nikola (Snake:3)
  2 electric golems
  A Hell Sentinel (D:15)
  An Ice Fiend (D:2)
  A lich (Vaults:5)
  17 tentacled monstrosities
  5 deep elf blademasters
  23 Orb Guardians
  3 deep elf master archers (Elf:3)
  7 titans (Vaults:5)
  5 quicksilver dragons
  An Executioner (Depths:3)
  A thorn hunter (Swamp:3)
  Frances (Elf:1)
  5 sphinxes
  4 death cobs
  6 shadow dragons
  Kirke (Snake:3)
  15 storm dragons
  Roxanne (Swamp:4)
  Donald (Snake:3)
  8 tengu reavers
  7 draconian monks
  5 nagarajas
  9 fire giants
  15 vault wardens
  A fenstrider witch (Swamp:2)
  An iron dragon (Vaults:5)
  10 draconian knights
  Aizul (Snake:2)
  The ghost of Zoimialu the Destroyer, an adept OpHW of Vehumet (Snake:3)
  4 draconian scorchers
  10 frost giants
  7 deep elf sorcerers
  2 draconian shifters
  3 orc warlords
  2 balrugs
  3 ghost moths
  18 ironbound preservers
  Louise (Snake:2)
  3 draconian stormcallers
  4 deep elf elementalists (Elf:3)
  2 draconian annihilators
  6 war gargoyles
  A reaper (IceCv)
  10 very ugly things
  11 stone giants
  A spriggan defender (Depths:2)
  8 green draconians
  A minotaur (Gauntlet)
  6 ironbound thunderhulks
  4 deep elf demonologists (Elf:3)
  3 black draconians
  8 eleionomae
  6 white draconians
  12 red draconians
  Azrael (Snake:1)
  10 dire elephants
  A lorocyproca (Depths:4)
  2 spark wasps (Depths:2)
  6 yellow draconians
  8 deep elf annihilators
  7 purple draconians
  7 bunyips
  3 crystal guardians (Vaults:4)
  7 deep elf death magi (Elf:3)
  15 ettins
  Josephine (Lair:4)
  14 yaktaur captains
  4 deep elf high priests
  5 entropy weavers
  7 fire dragons
  Fannar (D:11)
  6 ice dragons
  A hell beast (D:2)
  4 peacekeepers
  3 catoblepae
  2 rakshasas
  A salamander tyrant (Depths:3)
  33 vault guards
  7 ironbound frosthearts
  An ogre mage (D:13)
  7 ghost crabs
  13 anacondas
  A spriggan air mage (Depths:3)
  8 two-headed ogres
  2 death knights
  20 hydras
  Erica (D:9)
  6 centaur warriors
  2 boulder beetles
  15 alligators
  5 deep troll shamans
  5 deep troll earth magi
  4 tengu warriors
  A spectral salamander (Snake:3)
  9 death yaks
  5 orc high priests
  25 dancing weapons
  20 naga sharpshooters
  4 spriggan berserkers
  14 naga warriors
  A vampire mage (Depths:1)
  16 hell knights
  21 deep elf knights
  9 shock serpents
  2 sun demons (Zot:5)
  Amaemon (D:7)
  A storm dragon skeleton (Depths:2)
  7 iron trolls
  8 salamander mystics
  A flayed ghost (Depths:3)
  2 sea snakes (Snake:2)
  8 deep elf archers
  4 goliath frogs
  A spectral anaconda (Snake:3)
  4 spriggan druids
  8 naga ritualists
  An obsidian statue (Zot:5)
  Pikel (D:7)
  17 ironbound convokers
  3 bog bodies
  58 deep trolls
  An orange crystal statue (Depths:4)
  10 orc knights
  14 swamp dragons
  8 harpies
  A golden dragon skeleton (Depths:2)
  6 large abominations
  9 phantasmal warriors
  10 necromancers
  5 lindwurms
  5 wizards
  24 deep elf zephyrmancers
  16 deep elf pyromancers
  An iron dragon zombie (Depths:2)
  15 mana vipers
  A wolf spider zombie (D:15)
  39 ugly things
  26 salamanders
  6 cyclopes
  A frost giant zombie (Depths:2)
  3 will-o-the-wisps
  16 moths of wrath
  A salamander (shapeshifter) (Elf:2)
  A manticore (D:14)
  4 orc sorcerers
  A spectral shock serpent (Snake:3)
  Maurice (D:8)
  15 vault sentinels
  4 guardian serpents (Snake:4)
  19 naga magi
  A torpor snail (Gauntlet)
  49 black mambas
  A demonic crawler (D:1)
  10 cane toads
  13 elephants
  2 ice statues (IceCv)
  2 orange demons
  2 efreet (D:15)
  4 rime drakes
  5 komodo dragons
  22 yaktaurs
  4 freezing wraiths
  3 tengu conjurers
  10 ice devils
  2 spectral nagas
  A bloated husk (Swamp:1)
  2 red devils (Depths:3)
  8 trolls
  6 tyrant leeches
  A wind drake (shapeshifter) (Elf:3)
  A spectral guardian serpent (Snake:3)
  12 hornets
  7 polar bears
  Prince Ribbit (D:7)
  15 blink frogs
  11 dream sheep (Lair:5)
  A spectral black mamba (Snake:3)
  14 spriggans
  A vampire (D:10)
  4 wraiths
  4 air elementals
  4 water elementals
  A culicivora (Vaults:1)
  7 basilisks
  4 fire elementals
  Grum (D:8)
  5 fire bats
  70 yaks
  14 vampire mosquitoes
  A human (D:13)
  3 steam dragons
  7 redbacks
  16 swamp worms
  A warg (Orc:2)
  An acid dragon (D:10)
  47 nagas
  5 hell hounds
  14 water moccasins
  A hornet zombie (D:15)
  An ice beast (D:7)
  30 orc warriors
  3 sky beasts
  8 swamp drakes
  3 black bears
  11 ogres
  A boggart (Vaults:2)
  22 wolves
  A phantom (D:2)
  A lemure (D:6)
  9 centaurs
  10 small abominations (Gauntlet)
  A kobold brigand (D:7)
  9 bullfrogs
  Blork the orc (D:6)
  2 cane toad simulacra (IceCv)
  2 earth elementals (Elf:3)
  2 gnoll sergeants
  3 scorpions (D:11)
  3 two-headed ogre simulacra (IceCv)
  15 wights
  A jelly (Vaults:1)
  3 killer bees (D:9)
  A howler monkey (D:11)
  6 electric eels
  A human zombie (Ossuary)
  3 centaur zombies
  10 orc priests
  Ijyb (D:3)
  2 sleepcaps (D:5)
  4 iguanas
  16 orc wizards
  5 hell rats (Lair:4)
  A spriggan simulacrum (IceCv)
  2 polar bear simulacra (IceCv)
  A boggart skeleton (D:15)
  4 wolf simulacra (IceCv)
  2 mummies (Ossuary)
  13 gnolls
  4 naga simulacra
  8 adders
  A river rat (Lair:4)
  A shadow imp (D:5)
  9 white imps
  An ufetubus (IceCv)
  2 worms
  A dart slug (D:4)
  43 orcs
  5 giant cockroaches
  8 goblins
  6 hobgoblins
  5 jackals (D:3)
  10 kobolds
  4 quokkas
  A ball python (D:2)
  4 bats
  3 frilled lizards
  3 gnoll zombies (Ossuary)
  3 hobgoblin zombies (Ossuary)
  5 orc zombies (Ossuary)
  12 rats
1862 creatures vanquished.

Vanquished Creatures (collateral kills)
  the Lernaean hydra (Swamp:4)
  A deep elf elementalist (Elf:3)
  An orc warlord (Orc:2)
  A deep elf annihilator (Elf:3)
  A catoblepas (Lair:1)
  A boulder beetle (Lair:4)
  A swamp dragon (Swamp:4)
  An orc sorcerer (Elf:3)
  2 orc warriors (Orc:2)
10 creatures vanquished.

Vanquished Creatures (others)
  A walking crystal tome (Depths:3)
  A deep elf elementalist (Elf:1)
  3 dire elephants (Vaults:1)
  A yaktaur captain (Vaults:1)
  6 great orbs of eyes
  An ice dragon (Depths:4)
  A two-headed ogre (Volcano)
  A dancing weapon (Elf:2)
  2 alligators (Swamp:4)
  A glowing orange brain (Vaults:4)
  2 deep trolls (Vaults:1)
  A wizard (Vaults:3)
  2 deep elf pyromancers (Elf:1)
  An ironbound convoker (Vaults:1)
  2 deep elf zephyrmancers
  An orc knight (Vaults:1)
  A necromancer (Depths:3)
  An orc sorcerer (Orc:2)
  A moth of wrath (Zot:1)
  A cyclops (D:14)
  A gargoyle (D:13)
  A vault sentinel (Vaults:3)
  Psyche (D:9)
  4 yaktaurs (Vaults:2)
  A merfolk (shapeshifter) (Vaults:5)
  A meliai (shapeshifter) (Elf:1)
  A hornet (Swamp:2)
  A tyrant leech (Swamp:2)
  24 slime creatures
  Sigmund (D:3)
  A shadow (D:10)
  7 humans
  A vampire mosquito (D:10)
  A swamp worm (Swamp:4)
  3 floating eyes (shapeshifter)
  3 orc warriors
  An ogre (Orc:2)
  A black bear (shapeshifter) (Elf:1)
  A wolf (D:8)
  3 centaurs
  A kobold brigand (D:9)
  372 jellies
  2 hounds
  4 orc priests
  An iguana (D:6)
  3 orc wizards
  2 gnolls (D:5)
  An adder (D:4)
  An ufetubus (Gauntlet)
  2 endoplasms (D:3)
  25 orcs
  A ball python (D:4)
  2 giant cockroaches
  2 hobgoblins (D:3)
  3 jackals (D:3)
  3 kobolds (D:9)
  3 bats (D:3)
  2 frilled lizards
  A goblin (D:3)
  A goblin zombie (Ossuary)
  2 rats
  A demonic plant (Gauntlet)
  16 foxfires
  89 fungi
  149 plants
  4 toadstools (Depths:4)
782 creatures vanquished.

Grand Total: 2654 creatures vanquished

Notes
Turn   | Place    | Note
-------+----------+-------------------------------------------
     0 | D:1      | Wizard1ke the Merfolk Hexslinger began the quest for the
                  | Orb.
     0 | D:1      | Reached XP level 1. HP: 15/15 MP: 2/2
   129 | D:1      | Reached XP level 2. HP: 21/21 MP: 3/3
   411 | D:1      | Found a faded altar of an unknown god.
   416 | D:1      | Prayed at the altar of an unknown god.
   416 | D:1      | Became a worshipper of Jiyva Juehoaxi the Shapeless
   416 | D:1      | Reached * piety under Jiyva
   638 | D:2      | Reached XP level 3. HP: 27/27 MP: 4/4
   834 | D:2      | Found an opulent altar of Gozag.
   902 | D:2      | Noticed a phantom
   916 | D:2      | Killed a phantom
   917 | D:2      | Reached XP level 4. HP: 29/34 MP: 5/5
   917 | D:2      | Reached XP level 5. HP: 33/39 MP: 6/6
  1110 | D:2      | Reached ** piety under Jiyva
  1587 | D:3      | Found a sacrificial altar of Ru.
  1888 | D:3      | Noticed Ijyb
  1902 | D:3      | Killed Ijyb
  1926 | D:3      | Reached *** piety under Jiyva
  2057 | D:3      | Noticed Sigmund
  2242 | D:3      | Gained mutation: Your flesh is cold resistant. (rC+)
                  | [Jiyva's grace]
  2242 | D:3      | Gained mutation: Your flesh is very cold resistant. (rC++)
                  | [Jiyva's grace]
  2242 | D:3      | Gained mutation: Your flesh is almost immune to the effects
                  | of cold. (rC+++) [Jiyva's grace]
  2242 | D:3      | Gained mutation: You have a small jelly attached to you
                  | that may absorb projectiles. [Jiyva's grace]
  2268 | D:3      | Killed Sigmund
  2433 | D:4      | Reached XP level 6. HP: 47/47 MP: 7/7
  2534 | D:4      | Found a sand-covered staircase.
  2538 | Ossuary  | Entered an ossuary
  2630 | Ossuary  | Reached skill level 5 in Dodging
  2766 | D:4      | Reached XP level 7. HP: 53/53 MP: 5/8
  3074 | D:4      | Found a staircase to the Ecumenical Temple.
  3083 | Temple   | Entered the Ecumenical Temple
  3304 | D:5      | Entered Level 5 of the Dungeon
  3499 | D:5      | Found Faoddeol's General Store.
  3511 | D:5      | Found Vamuggag's Weapon Shop.
  3527 | D:5      | Reached skill level 5 in Ranged Weapons
  3950 | D:5      | Found Ishrigog's Magic Scroll Shop.
  3953 | D:5      | Bought a scroll of fear for 56 gold pieces
  4039 | D:5      | Found Plog's Magic Scroll Emporium.
  4049 | D:5      | Bought a scroll of teleportation for 39 gold pieces
  4060 | D:5      | Reached **** piety under Jiyva
  4060 | D:5      | Lost mutation: Your flesh is almost immune to the effects
                  | of cold. (rC+++) [Jiyva's grace]
  4060 | D:5      | Gained mutation: Your melee attacks may engulf your foes in
                  | ooze. [Jiyva's grace]
  4060 | D:5      | Gained mutation: You are agile. (Dex +4, Str/Int -1)
                  | [Jiyva's grace]
  4060 | D:5      | Gained mutation: You are very agile. (Dex +8, Str/Int -2)
                  | [Jiyva's grace]
  4060 | D:5      | Gained mutation: You have a somewhat thin skeletal
                  | structure. (Dex +2, Stealth+) [Jiyva's grace]
  4329 | D:6      | Reached XP level 8. HP: 50/61 MP: 7/9
  4617 | D:6      | Noticed Blork the orc
  4625 | D:6      | Killed Blork the orc
  4916 | D:7      | Reached skill level 5 in Fighting
  5115 | D:7      | Noticed Pikel
  5364 | D:7      | Killed Pikel
  5365 | D:7      | Reached XP level 9. HP: 50/71 MP: 7/10
  5445 | D:7      | Noticed Prince Ribbit
  5471 | D:7      | Killed Prince Ribbit
  5647 | D:8      | Noticed Amaemon
  5647 | D:8      | Noticed an orange demon
  5662 | D:7      | Killed an orange demon
  5718 | D:7      | Killed Amaemon
  5719 | D:7      | Reached XP level 10. HP: 56/79 MP: 8/11
  5829 | D:8      | Noticed Maurice
  5856 | D:8      | Killed Maurice
  6710 | D:8      | Noticed Grum
  6723 | D:8      | Reached skill level 10 in Dodging
  6735 | D:8      | Killed Grum
  6784 | D:9      | Lost mutation: You have a somewhat thin skeletal structure.
                  | (Dex +2, Stealth+) [Jiyva's grace]
  6784 | D:9      | Lost mutation: You are very agile. (Dex +8, Str/Int -2)
                  | [Jiyva's grace]
  6784 | D:9      | Lost mutation: Your flesh is very cold resistant. (rC++)
                  | [Jiyva's grace]
  6784 | D:9      | Gained mutation: Your body has grown eyes which may confuse
                  | attackers. (Acc +3) [Jiyva's grace]
  6784 | D:9      | Gained mutation: Your body has grown many eyes which may
                  | confuse attackers. (Acc +5) [Jiyva's grace]
  6784 | D:9      | Gained mutation: Your body is covered in eyes which may
                  | confuse attackers. (Acc +7, SInv) [Jiyva's grace]
  6784 | D:9      | Gained mutation: Your muscles are strong. (Str +4, Int/Dex
                  | -1) [Jiyva's grace]
  6908 | D:9      | Noticed Erica
  6928 | D:9      | Killed Erica
  6992 | D:9      | Noticed a tengu warrior
  7008 | D:9      | Killed a tengu warrior
  7161 | D:9      | Noticed Psyche
  7178 | D:9      | Killed Psyche
  7443 | D:10     | Entered Level 10 of the Dungeon
  7453 | D:10     | Learned a level 3 spell: Portal Projectile
  7494 | D:10     | Noticed a two-headed ogre
  7528 | D:10     | Killed a two-headed ogre
  7529 | D:10     | Reached skill level 10 in Ranged Weapons
  7529 | D:10     | Reached XP level 11. HP: 89/89 MP: 12/12
  7747 | D:10     | Noticed a two-headed ogre
  7768 | D:10     | Killed a two-headed ogre
  7821 | D:10     | Noticed a two-headed ogre
  7856 | D:10     | Killed a two-headed ogre
  7917 | D:10     | Found a staircase to the Orcish Mines.
  7919 | D:10     | Found Naumus's Weapon Boutique.
  8348 | D:11     | Noticed a two-headed ogre
  8356 | D:10     | Killed a two-headed ogre
  8375 | D:11     | Reached skill level 10 in Fighting
  8380 | D:11     | Found the +7 staff of the Meek {protect, meekguard}
  8420 | D:11     | Noticed Fannar
  8440 | D:11     | Killed Fannar
  8488 | D:11     | Reached ***** piety under Jiyva
  8654 | D:11     | Found a staircase to the Lair.
  8886 | Lair:1   | Entered Level 1 of the Lair of Beasts
  8886 | Lair:1   | Noticed a catoblepas
  8886 | Lair:1   | Lost mutation: You are agile. (Dex +4, Str/Int -1) [Jiyva's
                  | grace]
  8886 | Lair:1   | Lost mutation: Your muscles are strong. (Str +4, Int/Dex
                  | -1) [Jiyva's grace]
  8886 | Lair:1   | Lost mutation: Your body is covered in eyes which may
                  | confuse attackers. (Acc +7, SInv) [Jiyva's grace]
  8886 | Lair:1   | Gained mutation: You have a small jelly attached to you
                  | that senses nearby items. [Jiyva's grace]
  8886 | Lair:1   | Gained mutation: Your mind is acute. (Int +4, Str/Dex -1)
                  | [Jiyva's grace]
  8886 | Lair:1   | Gained mutation: Your mind is very acute. (Int +8, Str/Dex
                  | -2) [Jiyva's grace]
  8886 | Lair:1   | Gained mutation: You possess an exceptional clarity of
                  | mind. [Jiyva's grace]
  8897 | Lair:1   | Killed a catoblepas
  8898 | Lair:1   | Reached XP level 12. HP: 76/98 MP: 13/13
  9994 | Lair:2   | Found the +3 Mad Mage's Maulers {Infuse+∞ VampMP -Cast}
 10126 | Lair:2   | Found a staircase to the Swamp.
 10270 | Lair:2   | Reached ****** piety under Jiyva
 10354 | Lair:2   | Noticed a catoblepas
 10375 | Lair:2   | Killed a catoblepas
 10419 | Lair:2   | Found a staircase to the Snake Pit.
 10421 | Lair:2   | Lost mutation: You possess an exceptional clarity of mind.
                  | [Jiyva's grace]
 10421 | Lair:2   | Lost mutation: Your mind is very acute. (Int +8, Str/Dex
                  | -2) [Jiyva's grace]
 10421 | Lair:2   | Lost mutation: Your body has grown many eyes which may
                  | confuse attackers. (Acc +5) [Jiyva's grace]
 10421 | Lair:2   | Lost mutation: Your body has grown eyes which may confuse
                  | attackers. (Acc +3) [Jiyva's grace]
 10421 | Lair:2   | Gained mutation: Your body has grown eyes which may confuse
                  | attackers. (Acc +3) [Jiyva's grace]
 10421 | Lair:2   | Gained mutation: Your body has grown many eyes which may
                  | confuse attackers. (Acc +5) [Jiyva's grace]
 10421 | Lair:2   | Gained mutation: Your body is covered in eyes which may
                  | confuse attackers. (Acc +7, SInv) [Jiyva's grace]
 10421 | Lair:2   | Gained mutation: Your translucent skin slightly reduces
                  | your foes' accuracy. (Stealth+) [Jiyva's grace]
 10451 | Lair:2   | Reached XP level 13. HP: 107/107 MP: 14/14
 11916 | Lair:4   | Lost mutation: Your mind is acute. (Int +4, Str/Dex -1)
                  | [Jiyva's grace]
 11916 | Lair:4   | Lost mutation: Your body is covered in eyes which may
                  | confuse attackers. (Acc +7, SInv) [Jiyva's grace]
 11916 | Lair:4   | Lost mutation: Your body has grown many eyes which may
                  | confuse attackers. (Acc +5) [Jiyva's grace]
 11916 | Lair:4   | Lost mutation: Your translucent skin slightly reduces your
                  | foes' accuracy. (Stealth+) [Jiyva's grace]
 11916 | Lair:4   | Lost mutation: You have a small jelly attached to you that
                  | may absorb projectiles. [Jiyva's grace]
 11916 | Lair:4   | Gained mutation: You passively dampen the noise of your
                  | surroundings. [Jiyva's grace]
 11916 | Lair:4   | Gained mutation: You have a small jelly attached to you
                  | that may absorb projectiles. [Jiyva's grace]
 11916 | Lair:4   | Gained mutation: Your mind is acute. (Int +4, Str/Dex -1)
                  | [Jiyva's grace]
 11916 | Lair:4   | Gained mutation: Your mind is very acute. (Int +8, Str/Dex
                  | -2) [Jiyva's grace]
 12049 | Lair:4   | Found a transporter.
 12150 | Lair:4   | Found a frozen archway.
 12164 | IceCv    | Entered an ice cave
 12228 | IceCv    | Reached skill level 15 in Dodging
 12382 | IceCv    | Noticed a reaper
 12404 | IceCv    | Killed a reaper
 12828 | Lair:4   | Found a transporter.
 13271 | Lair:3   | Reached XP level 14. HP: 107/118 MP: 15/15
 13437 | Lair:5   | Entered Level 5 of the Lair of Beasts
 13595 | Lair:5   | Found a staircase to the Slime Pits.
 13595 | Lair:5   | Found a viscous altar of Jiyva.
 13609 | Slime:1  | Entered Level 1 of the Pits of Slime
 13609 | Slime:1  | Noticed a quicksilver ooze
 13619 | Slime:1  | Noticed a rockslime
 13621 | Slime:1  | Noticed an azure jelly
 13623 | Slime:1  | Noticed an acid blob
 13627 | Slime:2  | Noticed an acid blob
 13632 | Slime:2  | Noticed a quicksilver ooze
 13653 | Slime:4  | Noticed a rockslime
 13658 | Slime:4  | Noticed an azure jelly
 13659 | Slime:4  | Noticed an azure jelly
 13690 | Slime:4  | Noticed an azure jelly
 13692 | Slime:4  | Noticed a quicksilver ooze
 13706 | Slime:4  | Noticed an acid blob
 13762 | Slime:4  | Noticed an acid blob
 13796 | Slime:4  | Noticed an acid blob
 14067 | Slime:5  | Entered Level 5 of the Pits of Slime
 14079 | Slime:5  | Noticed an acid blob
 14081 | Slime:5  | Found a viscous altar of Jiyva.
 14082 | Slime:5  | Noticed the Royal Jelly
 14082 | Slime:5  | Noticed an acid blob
 14083 | Slime:5  | Noticed an acid blob
 14083 | Slime:5  | Noticed a rockslime
 14085 | Slime:5  | Noticed an acid blob
 14085 | Slime:5  | Noticed an acid blob
 14085 | Slime:5  | Noticed an acid blob
 14086 | Slime:5  | Noticed an acid blob
 14088 | Slime:5  | Noticed an azure jelly
 14092 | Slime:5  | Noticed an acid blob
 14099 | Slime:5  | Identified the staff of fire "Awkib" {Fragile rF+ rN++
                  | rCorr MP+9}
 14102 | Slime:5  | Identified the +0 ring mail "Dob Opo" {-Tele rN+ Will+}
 14110 | Slime:5  | Identified the amulet of Xom's Best Wishes {Faith Str+3}
 14113 | Slime:5  | Got a slimy rune of Zot
 14123 | Slime:5  | Identified the +9 spear of Diet Blood {flame, rElec rN+++
                  | rCorr Str-2}
 14125 | Slime:5  | Identified the +5 ring mail of the Spheres {rF+ Dex+4}
 14220 | Slime:3  | Noticed a quicksilver ooze
 14233 | Slime:1  | Noticed an acid blob
 14470 | Lair:5   | Noticed Josephine
 14487 | Lair:4   | Killed Josephine
 14502 | Lair:5   | Reached skill level 15 in Ranged Weapons
 14648 | Lair:5   | Identified the +0 chain mail of the Quiescent God {Int+4}
 14994 | Lair:5   | Reached skill level 1 in Evocations
 15267 | D:12     | Lost mutation: You have a small jelly attached to you that
                  | may absorb projectiles. [Jiyva's grace]
 15267 | D:12     | Lost mutation: Your melee attacks may engulf your foes in
                  | ooze. [Jiyva's grace]
 15267 | D:12     | Gained mutation: Armour fits poorly on your pseudopods.
                  | [Jiyva's grace]
 15267 | D:12     | Gained mutation: Armour fits poorly on your large
                  | pseudopods. [Jiyva's grace]
 15267 | D:12     | Gained mutation: Armour fits poorly on your massive
                  | pseudopods. [Jiyva's grace]
 15267 | D:12     | Gained mutation: You are partially covered in iridescent
                  | scales. (AC +2) [Jiyva's grace]
 15448 | D:12     | Found a gate leading to a gauntlet.
 15467 | Gauntlet | Entered a Gauntlet
 15467 | Gauntlet | Found a transporter.
 15467 | Gauntlet | Found a transporter.
 15479 | Gauntlet | Found a transporter.
 15480 | Gauntlet | Found a transporter.
 15488 | Gauntlet | Found a transporter.
 15492 | Gauntlet | Found a transporter.
 15504 | Gauntlet | Found a transporter.
 15509 | Gauntlet | Found a runed translucent door.
 15516 | Gauntlet | Found a transporter.
 15530 | Gauntlet | Found a transporter.
 15534 | Gauntlet | Found a transporter.
 15543 | Gauntlet | Found a transporter.
 15547 | Gauntlet | Found a transporter.
 15647 | Gauntlet | Identified the +8 halberd "Goblinslayer" {antimagic, rN+
                  | Dex+5}
 15672 | Gauntlet | Reached XP level 15. HP: 82/126 MP: 13/16
 15673 | Gauntlet | Reached skill level 5 in Evocations
 15692 | Gauntlet | Identified the +2 pair of boots "Icvurhed" {Dex+2}
 15712 | Gauntlet | Identified the +9 scimitar "Hahorph" {elec, Str+3}
 15712 | Gauntlet | Identified the ring "Ruroy" {Fly rPois Stlth+}
 15728 | Gauntlet | Identified the +0 scale mail of the Amoeba {rF- Will++ MP+9
                  | Str-2}
 15730 | Gauntlet | Identified the +1 ring mail of the Iron Devil {Will-
                  | Slay+4}
 15733 | Gauntlet | Identified the +1 dire flail of Fabulous Blind Justice
                  | {heavy, Will+ Dex+2 Stlth+}
 15758 | D:12     | Noticed Rupert
 15768 | D:12     | Slimified Rupert
 15768 | D:12     | Rupert changed into Rupert the azure jelly
 15768 | D:12     | Noticed Rupert
 16238 | Orc:1    | Entered Level 1 of the Orcish Mines
 16271 | Orc:1    | Paralysed by an orc sorcerer for 4 turns
 16722 | Orc:2    | Entered Level 2 of the Orcish Mines
 16777 | Orc:2    | Found Nugekeng's Jewellery Boutique.
 16839 | Orc:2    | Bought the ring "Oqunihux" {rPois Will+ Dex+5} for 689 gold
                  | pieces
 16847 | Orc:2    | Lost mutation: Your body has grown eyes which may confuse
                  | attackers. (Acc +3) [Jiyva's grace]
 16847 | Orc:2    | Lost mutation: Armour fits poorly on your massive
                  | pseudopods. [Jiyva's grace]
 16847 | Orc:2    | Gained mutation: You expend magic power (3 MP) to
                  | strengthen your wands. [Jiyva's grace]
 16847 | Orc:2    | Gained mutation: You are strong-willed. (Will+) [Jiyva's
                  | grace]
 16847 | Orc:2    | Gained mutation: You are highly strong-willed. (Will++)
                  | [Jiyva's grace]
 16847 | Orc:2    | Gained mutation: You are extremely strong-willed. (Will+++)
                  | [Jiyva's grace]
 16894 | Orc:2    | Found Nout's General Store.
 16966 | Orc:2    | Found Fiad's Antique Armour Boutique.
 17048 | Orc:2    | Found a staircase to the Elven Halls.
 17075 | Orc:2    | Found a dark tunnel.
 17096 | Volcano  | Entered a volcano
 17211 | Orc:2    | Noticed an orc warlord
 17230 | Orc:2    | Killed an orc warlord
 17316 | Orc:2    | Found Vixe's Antique Weapon Shop.
 18393 | D:5      | Bought a scroll of brand weapon for 123 gold pieces
 18805 | D:13     | Found a gate to the Vaults.
 19182 | D:14     | Reached skill level 15 in Fighting
 19440 | D:14     | Lost mutation: You are partially covered in iridescent
                  | scales. (AC +2) [Jiyva's grace]
 19440 | D:14     | Lost mutation: Your mind is very acute. (Int +8, Str/Dex
                  | -2) [Jiyva's grace]
 19440 | D:14     | Gained mutation: You have a pair of small antennae on your
                  | head. [Jiyva's grace]
 19440 | D:14     | Gained mutation: You have a pair of antennae on your head.
                  | [Jiyva's grace]
 19440 | D:14     | Gained mutation: You have a pair of large antennae on your
                  | head. (SInv) [Jiyva's grace]
 19440 | D:14     | Gained mutation: You are partially covered in iridescent
                  | scales. (AC +2) [Jiyva's grace]
 20065 | D:14     | Reached XP level 16. HP: 70/136 MP: 17/17
 20235 | D:15     | Entered Level 15 of the Dungeon
 20366 | D:15     | Identified the +1 broad axe "Tormentor" {pain, rElec SInv}
 20868 | D:15     | Found a staircase to the Depths.
 21108 | Snake:1  | Entered Level 1 of the Snake Pit
 21284 | Snake:1  | Noticed Azrael
 21308 | Snake:1  | Killed Azrael
 22061 | Snake:2  | Lost mutation: Your flesh is cold resistant. (rC+) [Jiyva's
                  | grace]
 22061 | Snake:2  | Lost mutation: You are extremely strong-willed. (Will+++)
                  | [Jiyva's grace]
 22061 | Snake:2  | Gained mutation: Your system is resistant to poisons.
                  | (rPois) [Jiyva's grace]
 22061 | Snake:2  | Gained mutation: You are extremely strong-willed. (Will+++)
                  | [Jiyva's grace]
 22061 | Snake:2  | Gained mutation: Your muscles are strong. (Str +4, Int/Dex
                  | -1) [Jiyva's grace]
 22061 | Snake:2  | Gained mutation: Your muscles are very strong. (Str +8,
                  | Int/Dex -2) [Jiyva's grace]
 22190 | Snake:2  | Noticed Aizul
 22209 | Snake:2  | Killed Aizul
 22553 | Snake:2  | Noticed Vashnia
 22666 | Snake:2  | Killed Vashnia
 22667 | Snake:2  | Reached XP level 17. HP: 146/146 MP: 18/18
 22754 | Snake:2  | Noticed Asterion
 22756 | Snake:2  | Noticed an Executioner
 23075 | Snake:2  | Noticed Louise
 23086 | Snake:2  | Killed Louise
 23724 | Snake:3  | Noticed Bai Suzhen
 23744 | Snake:2  | Killed Bai Suzhen
 23855 | Snake:3  | Noticed Donald
 23876 | Snake:3  | Killed Donald
 24191 | Snake:3  | Lost mutation: Your mind is acute. (Int +4, Str/Dex -1)
                  | [Jiyva's grace]
 24191 | Snake:3  | Lost mutation: You are extremely strong-willed. (Will+++)
                  | [Jiyva's grace]
 24191 | Snake:3  | Lost mutation: You expend magic power (3 MP) to strengthen
                  | your wands. [Jiyva's grace]
 24191 | Snake:3  | Gained mutation: You expend magic power (3 MP) to
                  | strengthen your wands. [Jiyva's grace]
 24191 | Snake:3  | Gained mutation: A frigid envelope surrounds you and
                  | freezes all who hurt you. [Jiyva's grace]
 24191 | Snake:3  | Gained mutation: You are agile. (Dex +4, Str/Int -1)
                  | [Jiyva's grace]
 24191 | Snake:3  | Gained mutation: You are very agile. (Dex +8, Str/Int -2)
                  | [Jiyva's grace]
 24202 | Snake:3  | Noticed Nikola
 24213 | Snake:3  | Killed Nikola
 24398 | Snake:3  | Found a runed translucent gate.
 24398 | Snake:3  | Found a runed translucent gate.
 24398 | Snake:3  | Found a runed translucent gate.
 24399 | Snake:3  | Noticed Zoimialu's ghost (adept OpHW)
 24400 | Snake:3  | Noticed Kirke
 24408 | Snake:3  | Killed Kirke
 24430 | Snake:3  | Killed Zoimialu's ghost
 25241 | Snake:3  | Found a gateway to a bazaar.
 25250 | Bazaar   | Entered a bazaar
 25250 | Bazaar   | Found Ocviril's General Store.
 25267 | Bazaar   | Found Bima's Magic Scroll Emporium.
 25292 | Bazaar   | Found Cyohaupe's General Store.
 25294 | Bazaar   | Found Fuawk's Antique Weapon Boutique.
 25341 | Bazaar   | Bought a scroll of teleportation for 45 gold pieces
 25341 | Bazaar   | Bought a scroll of enchant armour for 112 gold pieces
 25341 | Bazaar   | Bought a scroll of immolation for 60 gold pieces
 25341 | Bazaar   | Bought a scroll of immolation for 60 gold pieces
 25341 | Bazaar   | Bought a scroll of vulnerability for 60 gold pieces
 25352 | Bazaar   | Bought a scroll of fear for 40 gold pieces
 25352 | Bazaar   | Bought a scroll of teleportation for 30 gold pieces
 25364 | Bazaar   | Bought a potion of cancellation for 144 gold pieces
 25364 | Bazaar   | Bought a potion of lignification for 54 gold pieces
 25424 | Snake:4  | Entered Level 4 of the Snake Pit
 25917 | Snake:4  | Reached XP level 18. HP: 139/157 MP: 19/19
 26010 | Snake:4  | Noticed a quicksilver dragon
 26010 | Snake:4  | Noticed a quicksilver dragon
 26022 | Snake:4  | Killed a quicksilver dragon
 26036 | Snake:4  | Killed a quicksilver dragon
 26045 | Snake:4  | Got a serpentine rune of Zot
 26058 | Snake:4  | Lost mutation: You are highly strong-willed. (Will++)
                  | [Jiyva's grace]
 26058 | Snake:4  | Lost mutation: Your system is resistant to poisons. (rPois)
                  | [Jiyva's grace]
 26058 | Snake:4  | Lost mutation: Your muscles are very strong. (Str +8,
                  | Int/Dex -2) [Jiyva's grace]
 26058 | Snake:4  | Gained mutation: You have an increased reservoir of magic.
                  | (+10% MP) [Jiyva's grace]
 26058 | Snake:4  | Gained mutation: You have a considerably increased
                  | reservoir of magic. (+20% MP) [Jiyva's grace]
 26058 | Snake:4  | Gained mutation: You have a greatly increased reservoir of
                  | magic. (+30% MP) [Jiyva's grace]
 26058 | Snake:4  | Gained mutation: You passively map a small area around you.
                  | [Jiyva's grace]
 26445 | Snake:4  | Reached skill level 1 in Translocations
 26678 | Snake:4  | Reached skill level 5 in Hexes
 26999 | Swamp:1  | Entered Level 1 of the Swamp
 27738 | Swamp:2  | Reached skill level 5 in Translocations
 28009 | Swamp:2  | Identified the +0 chain mail of Light {Will+ Str-2 Dex+3}
 28051 | Swamp:2  | Reached XP level 19. HP: 164/164 MP: 26/26
 28455 | Swamp:3  | Lost mutation: You have a pair of large antennae on your
                  | head. (SInv) [Jiyva's grace]
 28455 | Swamp:3  | Lost mutation: You are very agile. (Dex +8, Str/Int -2)
                  | [Jiyva's grace]
 28455 | Swamp:3  | Lost mutation: You have a greatly increased reservoir of
                  | magic. (+30% MP) [Jiyva's grace]
 28455 | Swamp:3  | Lost mutation: You have a considerably increased reservoir
                  | of magic. (+20% MP) [Jiyva's grace]
 28455 | Swamp:3  | Lost mutation: You are strong-willed. (Will+) [Jiyva's
                  | grace]
 28455 | Swamp:3  | Gained mutation: Your flesh is cold resistant. (rC+)
                  | [Jiyva's grace]
 28455 | Swamp:3  | Gained mutation: Your flesh is very cold resistant. (rC++)
                  | [Jiyva's grace]
 28455 | Swamp:3  | Gained mutation: Your flesh is almost immune to the effects
                  | of cold. (rC+++) [Jiyva's grace]
 28455 | Swamp:3  | Gained mutation: Your melee attacks may engulf your foes in
                  | ooze. [Jiyva's grace]
 28954 | Swamp:4  | Entered Level 4 of the Swamp
 29294 | Swamp:4  | Noticed the 27-headed Lernaean hydra
 29650 | Swamp:4  | Got a decaying rune of Zot
 29744 | Swamp:4  | Killed the 27-headed Lernaean hydra
 29804 | Swamp:4  | Reached skill level 10 in Translocations
 29828 | Swamp:4  | Noticed Roxanne
 29851 | Swamp:4  | Killed Roxanne
 30193 | Vaults:1 | Entered Level 1 of the Vaults
 30873 | Vaults:1 | Reached XP level 20. HP: 172/172 MP: 23/23
 31090 | Vaults:1 | Learned a level 4 spell: Cause Fear
 31130 | Vaults:1 | Lost mutation: You have a pair of antennae on your head.
                  | [Jiyva's grace]
 31130 | Vaults:1 | Lost mutation: You are agile. (Dex +4, Str/Int -1) [Jiyva's
                  | grace]
 31130 | Vaults:1 | Lost mutation: Your flesh is almost immune to the effects
                  | of cold. (rC+++) [Jiyva's grace]
 31130 | Vaults:1 | Lost mutation: A frigid envelope surrounds you and freezes
                  | all who hurt you. [Jiyva's grace]
 31130 | Vaults:1 | Lost mutation: You passively map a small area around you.
                  | [Jiyva's grace]
 31130 | Vaults:1 | Lost mutation: Your melee attacks may engulf your foes in
                  | ooze. [Jiyva's grace]
 31130 | Vaults:1 | Gained mutation: Your spells are a little harder to cast,
                  | but a little more powerful. [Jiyva's grace]
 31130 | Vaults:1 | Gained mutation: Your spells are harder to cast, but more
                  | powerful. [Jiyva's grace]
 31130 | Vaults:1 | Gained mutation: Your spells are much harder to cast, but
                  | much more powerful. [Jiyva's grace]
 31130 | Vaults:1 | Gained mutation: Your muscles are very strong. (Str +8,
                  | Int/Dex -2) [Jiyva's grace]
 32877 | Vaults:2 | Identified the +0 plate armour of Ipteibu {Fly rF- Int+2}
 33128 | Vaults:3 | Noticed Mara
 33131 | Vaults:3 | Noticed Wizard1ke's illusion
 33146 | Vaults:3 | Killed Mara
 33516 | Vaults:3 | Lost mutation: You have a pair of small antennae on your
                  | head. [Jiyva's grace]
 33516 | Vaults:3 | Lost mutation: You are partially covered in iridescent
                  | scales. (AC +2) [Jiyva's grace]
 33516 | Vaults:3 | Lost mutation: Your muscles are very strong. (Str +8,
                  | Int/Dex -2) [Jiyva's grace]
 33516 | Vaults:3 | Lost mutation: Your spells are much harder to cast, but
                  | much more powerful. [Jiyva's grace]
 33516 | Vaults:3 | Lost mutation: You have a small jelly attached to you that
                  | senses nearby items. [Jiyva's grace]
 33516 | Vaults:3 | Gained mutation: Your flesh is almost immune to the effects
                  | of cold. (rC+++) [Jiyva's grace]
 33516 | Vaults:3 | Gained mutation: You possess an exceptional clarity of
                  | mind. [Jiyva's grace]
 33516 | Vaults:3 | Gained mutation: Your translucent skin slightly reduces
                  | your foes' accuracy. (Stealth+) [Jiyva's grace]
 33516 | Vaults:3 | Gained mutation: Your translucent skin reduces your foes'
                  | accuracy. (Stealth+) [Jiyva's grace]
 33565 | Vaults:3 | Found a staircase to the Crypt.
 33565 | Vaults:3 | Found an ancient bone altar of Kikubaaqudgha.
 33565 | Vaults:3 | Found a basalt altar of Yredelemnul.
 33630 | Vaults:3 | Found the +5 scythe "Finisher" {speed, execute}
 33630 | Vaults:3 | Found the +16 obsidian axe {drain, demonic, Mesm Drain Fly
                  | SInv}
 33679 | Vaults:3 | Noticed a dread lich
 33699 | Vaults:3 | Slimified a dread lich
 33699 | Vaults:3 | a dread lich changed into an azure jelly
 33757 | Vaults:3 | Identified the +8 plate armour "Emmu Xom" {rElec Dex+7}
 33805 | Vaults:3 | Found Perphiju's Book Shop.
 33823 | Vaults:3 | Reached skill level 10 in Hexes
 34202 | Vaults:4 | Identified the +1 scimitar of Anger {speed, rN+}
 34220 | Vaults:4 | Found Afre's Armour Emporium.
 34280 | Vaults:4 | Reached XP level 21. HP: 162/182 MP: 24/24
 34717 | Vaults:4 | Lost mutation: You have an increased reservoir of magic.
                  | (+10% MP) [Jiyva's grace]
 34717 | Vaults:4 | Lost mutation: Armour fits poorly on your large pseudopods.
                  | [Jiyva's grace]
 34717 | Vaults:4 | Lost mutation: Your translucent skin reduces your foes'
                  | accuracy. (Stealth+) [Jiyva's grace]
 34717 | Vaults:4 | Lost mutation: Your translucent skin slightly reduces your
                  | foes' accuracy. (Stealth+) [Jiyva's grace]
 34717 | Vaults:4 | Gained mutation: Your skin changes colour to match your
                  | surroundings (Stealth+). [Jiyva's grace]
 34717 | Vaults:4 | Gained mutation: Your skin blends seamlessly with your
                  | surroundings (Stealth++). [Jiyva's grace]
 34717 | Vaults:4 | Gained mutation: Your skin perfectly mimics your
                  | surroundings (Stealth+++). [Jiyva's grace]
 34717 | Vaults:4 | Gained mutation: You are partially covered in iridescent
                  | scales. (AC +2) [Jiyva's grace]
 34981 | Vaults:4 | Paralysed by a sphinx for 2 turns
 35871 | Elf:1    | Entered Level 1 of the Elven Halls
 35927 | Elf:1    | You fall into a shaft and drop 1 floor!
 35955 | Elf:2    | Found a runed translucent gate.
 35962 | Elf:2    | Found a runed translucent gate.
 35962 | Elf:2    | Found a runed translucent gate.
 36644 | Elf:1    | Noticed Frances
 36651 | Elf:1    | Killed Frances
 37130 | Elf:2    | Lost mutation: Your skin perfectly mimics your surroundings
                  | (Stealth+++). [Jiyva's grace]
 37130 | Elf:2    | Lost mutation: You possess an exceptional clarity of mind.
                  | [Jiyva's grace]
 37130 | Elf:2    | Lost mutation: Your flesh is almost immune to the effects
                  | of cold. (rC+++) [Jiyva's grace]
 37130 | Elf:2    | Gained mutation: Your spells are much harder to cast, but
                  | much more powerful. [Jiyva's grace]
 37130 | Elf:2    | Gained mutation: You are robust. (+10% HP) [Jiyva's grace]
 37130 | Elf:2    | Gained mutation: You are very robust. (+20% HP) [Jiyva's
                  | grace]
 37130 | Elf:2    | Gained mutation: You are extremely robust. (+30% HP)
                  | [Jiyva's grace]
 37131 | Elf:2    | Identified a scroll of acquirement
 37140 | Elf:2    | Acquired 521 gold pieces
 37653 | Orc:2    | Bought the ring of Pussuc {Will+ EV+5} for 777 gold pieces
 37742 | Elf:3    | Entered Level 3 of the Elven Halls
 37909 | Elf:3    | Found Ubeug's General Store.
 37912 | Elf:3    | Found Ochalos's Specific Store.
 37934 | Elf:3    | Reached XP level 22. HP: 234/247 MP: 23/23
 37974 | Elf:3    | Got the Incunable of Silt
 38375 | Elf:3    | Identified the +4 bardiche of the Chickpea {freeze, rElec
                  | rC- Str-5 Dex+4}
 38375 | Elf:3    | Identified the amulet "Dizot" {Regen+ Str+2}
 38439 | Elf:3    | Identified the +2 ring mail "Meluxzu" {Harm rPois}
 38481 | Elf:3    | Reached skill level 1 in Invocations
 38489 | Elf:3    | Reached skill level 2 in Invocations
 38548 | Elf:3    | Reached skill level 3 in Invocations
 38565 | Elf:3    | Reached skill level 4 in Invocations
 38602 | Elf:3    | Reached skill level 5 in Invocations
 38693 | Elf:3    | Identified the staff of air "Imiucwyta" {Drain rElec Will+
                  | Dex+3 Stlth+}
 38727 | Elf:3    | Found the +8 longbow "Zephyr" {speed, Dex+3 SInv}
 38766 | Elf:3    | Identified the +3 scale mail of the Four of Swords {Dex+3}
 38832 | Elf:3    | Identified the +4 scale mail of Esistruq {rC- rN+ Str+5}
 38853 | Elf:3    | Reached skill level 6 in Invocations
 39105 | Depths:1 | Entered Level 1 of the Depths
 39318 | Orc:2    | Bought an embroidered hat for 245 gold pieces
 39561 | Depths:1 | Found Loudiski's Antique Armour Emporium.
 39569 | Depths:1 | Bought a brightly glowing leather armour for 266 gold
                  | pieces
 39569 | Depths:1 | Identified the +1 leather armour of the Farrier {rC+ Dex-5
                  | SInv} (You bought it in a shop on level 1 of the Depths)
 39647 | Depths:1 | Reached skill level 7 in Invocations
 39802 | Depths:1 | Found Ceuqu's Assorted Antiques.
 39884 | Depths:1 | Reached skill level 1 in Armour
 39952 | Depths:1 | Found a one-way gateway to a ziggurat.
 40084 | Depths:1 | Found a gateway to Hell.
 40123 | Depths:1 | Found a sparkling altar of Nemelex Xobeh.
 40192 | Depths:1 | Reached skill level 8 in Invocations
 40227 | Depths:1 | Found Alughuem's Antique Weapon Emporium.
 40416 | Depths:2 | Found a one-way gate to the infinite horrors of the Abyss.
 40429 | Depths:2 | Lost mutation: You are partially covered in iridescent
                  | scales. (AC +2) [Jiyva's grace]
 40429 | Depths:2 | Lost mutation: Your skin blends seamlessly with your
                  | surroundings (Stealth++). [Jiyva's grace]
 40429 | Depths:2 | Lost mutation: You are extremely robust. (+30% HP) [Jiyva's
                  | grace]
 40429 | Depths:2 | Lost mutation: You are very robust. (+20% HP) [Jiyva's
                  | grace]
 40429 | Depths:2 | Lost mutation: Your muscles are strong. (Str +4, Int/Dex
                  | -1) [Jiyva's grace]
 40429 | Depths:2 | Lost mutation: Your spells are much harder to cast, but
                  | much more powerful. [Jiyva's grace]
 40429 | Depths:2 | Lost mutation: Your spells are harder to cast, but more
                  | powerful. [Jiyva's grace]
 40429 | Depths:2 | Lost mutation: Your spells are a little harder to cast, but
                  | a little more powerful. [Jiyva's grace]
 40429 | Depths:2 | Lost mutation: Armour fits poorly on your pseudopods.
                  | [Jiyva's grace]
 40429 | Depths:2 | Lost mutation: You expend magic power (3 MP) to strengthen
                  | your wands. [Jiyva's grace]
 40429 | Depths:2 | Lost mutation: You passively dampen the noise of your
                  | surroundings. [Jiyva's grace]
 40429 | Depths:2 | Gained mutation: You have a pair of small antennae on your
                  | head. [Jiyva's grace]
 40429 | Depths:2 | Gained mutation: You have a pair of antennae on your head.
                  | [Jiyva's grace]
 40429 | Depths:2 | Gained mutation: You have a pair of large antennae on your
                  | head. (SInv) [Jiyva's grace]
 40429 | Depths:2 | Gained mutation: You have a small jelly attached to you
                  | that senses nearby items. [Jiyva's grace]
 40788 | Depths:2 | Reached skill level 9 in Invocations
 40827 | Depths:2 | Reached skill level 5 in Armour
 41005 | Depths:2 | Found a one-way gate leading to the halls of Pandemonium.
 41248 | Depths:2 | Reached skill level 10 in Invocations
 41395 | Depths:2 | Reached XP level 23. HP: 186/215 MP: 30/30
 41615 | Depths:3 | Identified the +1 robe of the Desolation of Salt {rF+
                  | Will+}
 41724 | Depths:3 | Reached skill level 11 in Invocations
 41853 | Depths:3 | Noticed Margery
 41863 | Depths:3 | Killed Margery
 41905 | Depths:3 | Reached skill level 12 in Invocations
 42003 | Depths:3 | Noticed a caustic shrike
 42013 | Depths:3 | Killed a caustic shrike
 42127 | Depths:3 | Identified the staff of air "Cukamael" {rElec rCorr}
 42155 | Depths:3 | Reached skill level 13 in Invocations
 42295 | Depths:3 | Found Kicaduocs's Jewellery Boutique.
 42296 | Depths:3 | Found Inu More's Book Shoppe.
 42297 | Depths:3 | Found Xeupokh's Jewellery Boutique.
 42419 | Depths:3 | Found Big Baal Hell's Store.
 42647 | Depths:4 | Entered Level 4 of the Depths
 42647 | Depths:4 | Noticed Vv
 42677 | Depths:4 | Killed Vv
 42678 | Depths:4 | Reached skill level 14 in Invocations
 42831 | Depths:4 | Found a gate to the Realm of Zot.
 42848 | Depths:4 | Reached skill level 15 in Invocations
 43018 | Depths:4 | Found a stormy altar of Qazlal.
 43038 | Depths:4 | Found Quschitt's Antique Weapon Boutique.
 43038 | Depths:4 | Gained mutation: You have acidic saliva. [Jiyva's grace]
 43038 | Depths:4 | Lost mutation: Your skin changes colour to match your
                  | surroundings (Stealth+). [Jiyva's grace]
 43038 | Depths:4 | Gained mutation: Your translucent skin slightly reduces
                  | your foes' accuracy. (Stealth+) [Jiyva's grace]
 43038 | Depths:4 | Gained mutation: Your translucent skin reduces your foes'
                  | accuracy. (Stealth+) [Jiyva's grace]
 43038 | Depths:4 | Gained mutation: Your transparent skin significantly
                  | reduces your foes' accuracy. (Stealth+) [Jiyva's grace]
 43089 | Depths:4 | Found Mighedoi's Armour Boutique.
 43112 | Depths:4 | Found Imeabysi's Jewellery Boutique.
 43126 | Depths:4 | Bought the amulet of Okhawk {RegenMP rElec rC- Int+5} for
                  | 570 gold pieces
 43505 | Depths:4 | Found Qeyrip's Weapon Boutique.
 43506 | Depths:4 | Found Xuc Fae's Distillery.
 43870 | Vaults:5 | Entered Level 5 of the Vaults
 43870 | Vaults:5 | Noticed a golden dragon
 43870 | Vaults:5 | Noticed an ancient lich
 43880 | Vaults:5 | Killed an ancient lich
 43895 | Vaults:5 | Killed a golden dragon
 43896 | Vaults:5 | Reached skill level 16 in Invocations
 43985 | Vaults:5 | Noticed an ancient lich
 44001 | Vaults:5 | Killed an ancient lich
 44002 | Vaults:5 | Reached XP level 24. HP: 221/224 MP: 35/35
 44012 | Vaults:5 | Found Guyrph's Magic Scroll Boutique.
 44012 | Vaults:5 | Noticed a dread lich
 44031 | Vaults:5 | Killed a dread lich
 44032 | Vaults:5 | Reached skill level 17 in Invocations
 44222 | Vaults:5 | Reached skill level 18 in Invocations
 44272 | Vaults:5 | Found Nuoffud's Magic Scroll Emporium.
 44351 | Vaults:5 | Noticed a dread lich
 44367 | Vaults:5 | Killed a dread lich
 44473 | Vaults:5 | Got the Catalogue of the Lungs
 44528 | Vaults:5 | Identified the +9 great sword "Qozemper" {pain, Contam
                  | rElec rN+ Will++}
 44569 | Vaults:5 | Reached skill level 19 in Invocations
 44721 | Vaults:5 | Noticed a dread lich
 44733 | Vaults:5 | Killed a dread lich
 44761 | Vaults:5 | Reached skill level 20 in Invocations
 44851 | Vaults:5 | Found the +3 warlock's mirror {omnireflect}
 45278 | Vaults:5 | Got a silver rune of Zot
 45441 | Vaults:5 | Identified the +10 spear "Texay" {freeze, rF++}
 45736 | Zot:1    | Entered Level 1 of the Realm of Zot
 45763 | Zot:1    | Reached skill level 21 in Invocations
 45784 | Zot:1    | Lost mutation: Your transparent skin significantly reduces
                  | your foes' accuracy. (Stealth+) [Jiyva's grace]
 45784 | Zot:1    | Lost mutation: Your translucent skin reduces your foes'
                  | accuracy. (Stealth+) [Jiyva's grace]
 45784 | Zot:1    | Gained mutation: Your muscles are strong. (Str +4, Int/Dex
                  | -1) [Jiyva's grace]
 45784 | Zot:1    | Gained mutation: Your muscles are very strong. (Str +8,
                  | Int/Dex -2) [Jiyva's grace]
 45784 | Zot:1    | Gained mutation: Your flesh is almost immune to the effects
                  | of cold. (rC+++) [Jiyva's grace]
 45784 | Zot:1    | Gained mutation: You are somewhat resistant to further
                  | mutation. [Jiyva's grace]
 45946 | Zot:1    | Reached XP level 25. HP: 189/231 MP: 37/37
 46585 | Zot:1    | Reached skill level 22 in Invocations
 47525 | Zot:2    | Lost mutation: You have a pair of large antennae on your
                  | head. (SInv) [Jiyva's grace]
 47525 | Zot:2    | Lost mutation: You have acidic saliva. [Jiyva's grace]
 47525 | Zot:2    | Lost mutation: Your translucent skin slightly reduces your
                  | foes' accuracy. (Stealth+) [Jiyva's grace]
 47525 | Zot:2    | Gained mutation: You have an increased reservoir of magic.
                  | (+10% MP) [Jiyva's grace]
 47525 | Zot:2    | Gained mutation: You have a considerably increased
                  | reservoir of magic. (+20% MP) [Jiyva's grace]
 47525 | Zot:2    | Gained mutation: You have a greatly increased reservoir of
                  | magic. (+30% MP) [Jiyva's grace]
 47525 | Zot:2    | Gained mutation: You are resistant to electric shocks.
                  | (rElec) [Jiyva's grace]
 48034 | Zot:3    | Reached skill level 23 in Invocations
 48845 | Zot:4    | Reached skill level 24 in Invocations
 48985 | Zot:4    | Lost mutation: You have a pair of antennae on your head.
                  | [Jiyva's grace]
 48985 | Zot:4    | Lost mutation: You have a greatly increased reservoir of
                  | magic. (+30% MP) [Jiyva's grace]
 48985 | Zot:4    | Lost mutation: You have a considerably increased reservoir
                  | of magic. (+20% MP) [Jiyva's grace]
 48985 | Zot:4    | Lost mutation: You are resistant to electric shocks.
                  | (rElec) [Jiyva's grace]
 48985 | Zot:4    | Gained mutation: Your system is resistant to poisons.
                  | (rPois) [Jiyva's grace]
 48985 | Zot:4    | Gained mutation: You have a considerably increased
                  | reservoir of magic. (+20% MP) [Jiyva's grace]
 48985 | Zot:4    | Gained mutation: You have a greatly increased reservoir of
                  | magic. (+30% MP) [Jiyva's grace]
 48985 | Zot:4    | Gained mutation: You have acidic saliva. [Jiyva's grace]
 49011 | Zot:4    | Noticed a Killer Klown
 49038 | Zot:4    | Killed a Killer Klown
 49330 | Zot:4    | Noticed a Killer Klown
 49340 | Zot:4    | Killed a Killer Klown
 49691 | Zot:5    | Entered Level 5 of the Realm of Zot
 50021 | Zot:5    | Found a transporter.
 50022 | Zot:5    | Noticed Hicanoach's ghost (master DsGl)
 50038 | Zot:5    | Found a transporter.
 50040 | Zot:5    | Noticed a shard shrike
 50210 | Zot:5    | Reached skill level 25 in Invocations
 50324 | Zot:5    | Reached XP level 26. HP: 203/239 MP: 51/51
 50397 | Zot:5    | Noticed an orb of fire
 50427 | Zot:5    | Killed an orb of fire
 50464 | Zot:5    | Noticed a Killer Klown
 50467 | Zot:5    | Noticed a Killer Klown
 50486 | Zot:5    | Killed a Killer Klown
 50495 | Zot:5    | Killed a Killer Klown
 50556 | Zot:5    | Noticed a Killer Klown
 50575 | Zot:5    | Noticed a Killer Klown
 50577 | Zot:5    | Killed a Killer Klown
 50595 | Zot:5    | Killed a Killer Klown
 50665 | Zot:5    | Reached skill level 26 in Invocations
 50788 | Zot:5    | Got the Orb of Zot
 51318 | D:2      | Noticed Bienonel the pandemonium lord
 51381 | D:$      | Escaped with the Orb!

Illustrated notes

Levels and vault maps discovered:
D:1:      scummos_arrival_gate, layout_basic, chequers_ecumenical_altar_lobes
D:2:      layout_basic, serial_aquarium, aquarium_bridge_straight
          [aquarium_subvault_bridge, aquarium_subvault_wall,
          aquarium_subvault_bridge, aquarium_subvault_window],
          aquarium_window_1, aquarium_window_corner, aquarium_window_1,
          aquarium_view_2g, aquarium_balcony_double_4, basic_altar,
          kennysheep_generic_room_15
D:3:      layout_basic, nicolae_ru_great_annihilating_truth, uniq_sigmund,
          uniq_ijyb
D:4:      layout_loops_ring, lemuel_temple_firewalk_b, enter_ossuary_5,
          amcnicky_mini_pool_small
D:5:      layout_loops_ring, serial_shops, nicolae_shop_behind_doors,
          nicolae_shop_advertising_works [nicolae_subvault_shop_adworks],
          nicolae_shop_rolling_square, nicolae_shop_rolled_up
D:6:      layout_loops_ring, uniq_blork_the_orc
D:7:      layout_rooms, uniq_pikel, uniq_prince_ribbit1
D:8:      layout_basic, uniq_maurice, uniq_grum, uniq_amaemon
D:9:      layout_basic, mrwooster_statue_mirror, minmay_microvault, uniq_psyche,
          uniq_erica
D:10:     layout_loops_ring, orc_david_3
D:11:     layout_small_grid, grunt_lair_entry_orc_guard_hut,
          hangedman_misty_isle, uniq_fannar
D:12:     layout_gridville, gauntlet_entry_generic, uniq_rupert
D:13:     layout_basic, grunt_vaults_entry_fortified,
          minmay_fractal_squares_gapless_5
D:14:     layout_layer_cave, chequers_mini_garden, grunt_tough_drop
D:15:     grunt_enter_depths_magical_seal, layout_cave_pools,
          chequers_serial_rivers_small_3
Temple:   grunt_wide_crystal_templ
Lair:1:   layout_hall_layers
Lair:2:   layout_long_grid, skrybe_swamp_entry_bodies,
          guppyfry_snake_entry_island, grunt_megastairs_3, serial_bayou_shore_a
Lair:3:   layout_gridlike
Lair:4:   gammafunk_worm_tunnel, layout_small_grid,
          portal_ice_cave_demonic_guard, kennysheep_abandoned_house
Lair:5:   grunt_lair_end_beastmaster, layout_gridlike, slime_entry_1,
          grunt_megastairs_1, uniq_josephine
Swamp:1:  layout_falls_marsh, evilmike_swamp_ruin_house_1, swamp_pool3,
          nicolae_swamp_snake_nest
Swamp:2:  layout_basic_swamp, evilmike_swamp_ruin_house_3, swamp_pool1,
          hangedman_swamp_dais
Swamp:3:  layout_falls_marsh, nicolae_swamp_little_tower, swamp_pool2
Swamp:4:  swamp_old_school, layout_basic_swamp, infiniplex_staircase_pool,
          uniq_roxanne
Snake:1:  layout_basic, nicolae_snake_ghostly_warrior_ritual, uniq_azrael
Snake:2:  nicolae_snake_crotalidae_crossing, layout_layer_cave,
          serial_bayou_lagoon_b, uniq_aizul, uniq_louise, uniq_vashnia,
          uniq_asterion
Snake:3:  layout_layer_cave, serial_shops, bzr_entry_safe,
          gammafunk_ghost_necromancy, nicolae_snake_linked_coils, uniq_nikola,
          uniq_donald, uniq_kirke, uniq_bai_suzhen
Snake:4:  hellmonk_snake_rune_quicksilver_temple, layout_cave_town,
          nicolae_snake_scaly_snakehead
Slime:1:  layout_caves
Slime:2:  cheibrodos_slime_lost_civilization_2, layout_caves,
          cheibrodos_slime_lost_civilization_5
Slime:3:  layout_caves
Slime:4:  layout_caves, nicolae_slime_crime_time
Slime:5
Orc:1:    layout_caves
Orc:2:    grunt_orc_gardens, layout_caves, grunt_orc_garden, grunt_orc_garden,
          grunt_orc_garden, grunt_orc_garden, nicolae_volcano_entry_batcave
Elf:1:    layout_loops_corners, hangedman_corner_corridor, uniq_frances
Elf:2:    nicolae_elf_blades_crystal_corner, layout_rooms,
          nicolae_elf_crossing_hall
Elf:3:    nooodl_elf_gasket, layout_rooms, nicolae_specific_store,
          grunt_megastairs_4
Vaults:1: v_pattern_5, nicolae_vaults_ring_of_whatevers,
          nicolae_vaults_storage_closets_1, nicolae_vaults_network_square,
          nicolae_vaults_trapezoid_layered, v_misc_30,
          vaults_dpeg_emergency_exit, nicolae_vaults_shelves_hall,
          layout_vaults_quadrants
Vaults:2: nicolae_vaults_storage_closets_3, nicolae_vaults_hexular_roomagon,
          grunt_vaults_hallway_long, nicolae_vaults_off_center_swirl,
          nicolae_vaults_circle_grid_a, nicolae_vaults_sesquioval_fish,
          nicolae_vaults_circle_grid_b, nicolae_vaults_wrenched,
          grunt_vaults_trifunnel, nicolae_vaults_three_branches,
          vaults_room_ringed_pool, nicolae_vaults_little_squares_1,
          nicolae_vaults_surprise_closet, layout_vaults_ring
Vaults:3: nicolae_vaults_antechamber_and_loot_room, vaults_dpeg_hooks,
          minmay_crypt_entry_necro_gods, nicolae_vaults_theta,
          hangedman_vaults_restitches, nicolae_vaults_lightning_bolt,
          nicolae_vaults_six-pack, nicolae_vaults_little_squares_2,
          ontoclasm_vaults_misaligned, vaults_mumra_chevron,
          layout_vaults_omnicross, serial_shops, shop, uniq_mara
Vaults:4: nicolae_vaults_closet_pinwheel_6, nicolae_vaults_yaktaur_gun_rack,
          nicolae_vaults_trapezoid_2, vaults_mumra_lcd,
          nicolae_vaults_tetromino_L_1, nicolae_vaults_security_offices_6,
          nicolae_vaults_surprise_closet, nicolae_vaults_layer_cake_slice,
          nicolae_vaults_border_crossing, layout_vaults_chaotic_city,
          serial_shops, nicolae_shop_scrapyard
Vaults:5
Depths:1: layout_basic, enter_ziggurat_e, serial_shops, nicolae_shop_trees,
          nicolae_diamond_shop, shop, hell_entry, nicolae_benzene_ring,
          nemelex_lonely_heart_becter, firewood_loft
Depths:2: grunt_double_whammy, layout_small_grid, pan_entry, hell_entry,
          abyss_entry_glasseish, infiniplex_staircase_trident
Depths:3: minmay_the_grid_octo_2x2 [minmay_the_grid_octo_77,
          minmay_the_grid_octo_chip, minmay_the_grid_octo_tetromino_candy,
          minmay_the_grid_octo_prize_square_snowflake], layout_cave_shapes,
          nicolae_hell_entry_big_baal_hell, rand_demon_pan_entry_3, abyss_entry,
          hangedman_decor_lopped, minmay_staircase_statues, minmay_shop_grove,
          uniq_margery
Depths:4: grunt_zot_entry_bicorn, layout_honeycomb, abyss_entry,
          nicolae_qazlal_scattered_showers, pf_coc_iceberg, pan_entry,
          serial_shops, shop, shop, shop, shop, shop, minmay_gold_behind_fungi,
          grunt_ministairs_2, dpeg_stationary_puzzle, serial_bayou_shore_b,
          uniq_vv
Zot:1:    layout_gridlike
Zot:2:    layout_gridlike
Zot:3:    layout_onion
Zot:4:    layout_basic
Zot:5:    layout_onion, gammafunk_ghost_berserking_beasts

Skill      XL: |  1  2  3  4  5  6  7  8  9 10 11 12 13 14 15 16 17 18 19 20 21 22 23 24 25 26 |
---------------+-------------------------------------------------------------------------------+-----
Dodging        | 3 4 5 6 8 9 11 12 14 15 16 17 19 21 22 23 24 25 | 25.0
Ranged Weapons | 2 3 4 5 7 8 10 11 12 14 15 16 17 18 19 20 | 20.0
Fighting       | 2 3 4 6 7 9 10 11 13 14 15 16 18 19 20 | 20.0
Evocations     | 4 8 |  8.1
Translocations | 5 10 | 10.0
Hexes          | 7 8 10 12 | 12.0
Invocations    | 10 16 21 25 26 | 26.8
Armour         | 6 7 |  7.0
Spellcasting   | |  1.0

Action                     |  1- 3 |  4- 6 |  7- 9 | 10-12 | 13-15 | 16-18 | 19-21 | 22-24 | 25-27 || total
---------------------------+-------+-------+-------+-------+-------+-------+-------+-------+-------++-------
  Melee: Unarmed           |       |       |       |       |     1 |       |     2 |       |       ||     3
   Fire: Sling             |    82 |   159 |   369 |   409 |       |       |       |       |       ||  1019
         Shortbow          |       |       |       |   387 |  1320 |       |       |       |       ||  1707
         Longbow           |       |       |       |       |   174 |  1717 |  1908 |  2104 |  1217 ||  7120
  Throw: Dart              |       |       |       |     9 |       |       |       |       |       ||     9
   Cast: Portal Projectile |       |       |       |       |       |       |     7 |     1 |       ||     8
 Invoke: Oozemancy         |       |     2 |     4 |     3 |     6 |     3 |     1 |     5 |     2 ||    26
         Slimify           |       |       |       |       |     1 |       |     2 |       |       ||     3
  Evoke: Wand              |       |       |       |     6 |       |       |     6 |     2 |     2 ||    16
         Phial of floods   |       |       |       |       |       |     1 |       |       |       ||     1
         Condenser vane    |       |       |       |       |       |       |     1 |       |     1 ||     2
         Phantom mirror    |       |       |       |       |       |       |     1 |       |       ||     1
         Box of beasts     |       |       |       |       |       |       |       |     1 |       ||     1
    Use: Scroll            |       |     8 |       |     4 |     2 |     5 |    11 |     1 |     4 ||    35
         Potion            |       |     1 |       |     1 |       |       |       |     1 |     3 ||     6
 Armour: Robe              |     3 |    10 |    22 |   137 |   135 |       |       |    16 |    20 ||   343
         Ring mail         |       |       |       |       |   314 |   121 |       |       |       ||   435
         Leather armour    |       |       |       |       |       |    37 |   157 |    24 |       ||   218
         Skin              |       |       |       |       |       |       |       |       |     4 ||     4
  Dodge: Dodged            |    20 |    60 |   157 |   470 |  1243 |  1083 |  1472 |   942 |   446 ||  5893
